 Dungeon Crawl Stone Soup version 0.24.0-123-gd5b16e6ec5 (webtiles) character file.

Game seed: 3607406906450538957, levelgen mode: deterministic

80 Martska the Chiller (level 4, 0/33 HPs)
             Began as a Merfolk Ice Elementalist on Jan 29, 2020.
             Was an Initiate of Okawaru.
             Succumbed to an adder's poison
             ... on level 2 of the Dungeon.
             The game lasted 00:05:38 (2128 turns).

Martska the Chiller (Merfolk Ice Elementalist)      Turns: 2128, Time: 00:05:39

Health: 0/33       AC:  2    Str:  8    XL:     4   Next: 39%
Magic:  0/7        EV: 14    Int: 19    God:    Okawaru [......]
Gold:   156        SH:  0    Dex: 15    Spells: 7/8 levels left

rFire    . . .     SeeInvis .   b - +0 dagger
rCold    . . .     Gourm    .   (no shield)
rNeg     . . .     Faith    .   a - +0 robe
rPois    .         Spirit   .   (no helmet)
rElec    .         Reflect  .   (no cloak)
rCorr    .         Harm     .   (no gloves)
MR       .....                  (no boots)
Stlth    ++........             (no amulet)
HPRegen  0.11/turn              (no ring)
MPRegen  0.10/turn              (no ring)

@: brilliant, lethally poisoned (0 -> -5), very slightly contaminated
A: change form in water, swift swim, stealthy swim
a: Renounce Religion


You were on level 2 of the Dungeon.
You worshipped Okawaru.
Okawaru was noncommittal.
You were not hungry.

You visited 1 branch of the dungeon, and saw 2 of its levels.

You collected 156 gold pieces.

Inventory:

Hand Weapons
 b - a +0 dagger (weapon)
Armour
 a - a +0 robe (worn)
Wands
 f - a wand of random effects (20)
Scrolls
 e - a scroll of enchant armour {unknown}
Potions
 d - a potion of brilliance
Comestibles
 c - 2 rations


   Skills:
 + Level 1.6 Fighting
 + Level 3.5 Dodging
 + Level 3.1 Stealth
 + Level 2.5 Spellcasting
   Level 0.7 Conjurations
 + Level 3.8 Ice Magic


You had 7 spell levels left.
You knew the following spells:

 Your Spells              Type           Power        Failure   Level  Hunger
a - Freeze                Ice            ####         1%          1    #......

Your spell library contained the following spells:

 Spells                   Type           Power        Failure   Level  Hunger
 Throw Frost              Conj/Ice       ###...       1%          2    ##.....
 Ozocubu's Armour         Chrm/Ice       ###.....     2%          3    ###....
 Throw Icicle             Conj/Ice       ###.....     8%          4    #####..
 Summon Ice Beast         Ice/Summ       ###.....     9%          4    #####..


Dungeon Overview and Level Annotations

Branches:
Dungeon (2/15)

Altars:
Okawaru


Message History

Aim: a hound (moderately wounded)
You freeze the hound.
The hound is severely wounded.
The hound bites you.
* * * LOW HITPOINT WARNING * * *
Casting: Freeze (safe; 4% risk of failure)
Confirm with . or Enter, or press ? or * to list all spells.
Aiming: Freeze (safe; 4% risk of failure)
Press: ? - help, Shift-Dir - straight line, f/p - hound
Aim: a hound (severely wounded)
You freeze the hound.
The hound is severely wounded.
* * * LOW HITPOINT WARNING * * *
You feel sick. The hound barely misses you. The hound closely misses you.
It was a potion of brilliance.
You feel clever all of a sudden. The hound closely misses you.
You hit the hound but do no damage.
The hound is severely wounded.
You die...

#.# %.# #.# (.# #.#
#.# #.# #.# #.# #.#
###########.# #.#
............# #.#
#################h#
#......@.#
#.######## #.# #.#
#.# #.# #.# ######
#.# .....# #.#


You could see a hound.

Vanquished Creatures
  3 adders (D:2)
  2 oozes (D:2)
  A worm (D:2)
  A dart slug (D:1)
  An orc (D:2)
  6 bats
  4 giant cockroaches
  4 hobgoblins
  3 jackals (D:1)
  4 kobolds
  A quokka (D:2)
  3 frilled lizards
  2 goblins
  5 rats
40 creatures vanquished.

Notes
Turn   | Place    | Note
-------+----------+-------------------------------------------
     0 | D:1      | Martska the Merfolk Ice Elementalist began the quest for
                  | the Orb.
     0 | D:1      | Reached XP level 1. HP: 13/13 MP: 3/3
   150 | D:1      | Reached XP level 2. HP: 6/20 MP: 0/5
  1077 | D:2      | Reached skill level 1 in Fighting
  1094 | D:2      | Reached XP level 3. HP: 13/26 MP: 2/6
  1674 | D:2      | Found an iron altar of Okawaru.
  1681 | D:2      | Reached XP level 4. HP: 20/32 MP: 1/7
  1685 | D:2      | Became a worshipper of Warmaster Okawaru
  2126 | D:2      | HP: 1/33 [poisoned by an adder]
  2128 | D:2      | Succumbed to an adder's poison

Levels and vault maps discovered:
D:1:      onia_arrival_larder, layout_loops_cross, minivault_26
D:2:      layout_loops_ring, okawaru_gym_becter, first_ration

Skill      XL: |  1  2  3 |
---------------+----------+-----
Dodging        | 3 |  3.5
Fighting       | 1 |  1.6
Stealth        | 3 |  3.1
Spellcasting   | |  2.5
Conjurations   | |  0.7
Ice Magic      | |  3.8

Action                   |  1- 3 |  4- 6 || total
-------------------------+-------+-------++-------
Melee: Unarmed           |    17 |       ||    17
       Dagger            |    81 |    26 ||   107
 Cast: Freeze            |    30 |    18 ||    48
  Use: Potion            |       |     1 ||     1
 Stab: Sleeping          |     7 |       ||     7
  Eat: Ration            |     1 |     1 ||     2
Armor: Robe              |    18 |     6 ||    24
Dodge: Dodged            |    77 |    21 ||    98
